 Seeded DCSS version 0.25-a0-420-g1cc7eeb (webtiles) character file.

Game seed: 1261219637004542875, levelgen mode: deterministic

378 CUS the Twirler (level 7, -1/52 HPs)
             Began as a Formicid Wanderer on Jan 18, 2020.
             Was a Follower of Uskayaw.
             Slain by an orc wizard
             ... wielding a +0 dagger
              (2 damage)
             ... on level 4 of the Dungeon.
             The game lasted 00:06:30 (2807 turns).

CUS the Twirler (Formicid Wanderer)                 Turns: 2807, Time: 00:06:30

Health: -1/52      AC:  7    Str: 24    XL:     7   Next: 4%
Magic:  7/7        EV: 11    Int: 10    God:    Uskayaw [*.....]
Gold:   169        SH:  0    Dex: 12    Spells: 6/6 levels left

rFire    . . .     SeeInvis +   a - +2 quarterstaff
rCold    . . .     Gourm    .   (no shield)
rNeg     . . .     Faith    .   w - +0 ring mail
rPois    .         Spirit   .   (helmet unavailable)
rElec    .         Reflect  .   m - +0 cloak
rCorr    .         Harm     .   (no gloves)
MR       .....                  z - +0 pair of boots
Stlth    +.........             (no amulet)
HPRegen  0.17/turn              E - +6 ring of strength
MPRegen  0.10/turn              (no ring)

@: no status effects
A: permanent stasis, dig shafts and tunnels, four strong arms, antennae 3
a: Dig, Shaft Self, Stomp, Renounce Religion


You were on level 4 of the Dungeon.
You worshipped Uskayaw.
Uskayaw was noncommittal.
You were not hungry.

You visited 1 branch of the dungeon, and saw 4 of its levels.

You collected 169 gold pieces.

Inventory:

Hand Weapons
 a - a +2 quarterstaff (weapon)
 b - a +4 hunting sling
 j - a +0 hunting sling
 C - a +0 hand axe of flaming
Missiles
 l - 74 arrows
 n - 132 stones (quivered)
 p - 18 sling bullets
 y - 20 bolts
 F - a throwing net
Armour
 d - a +0 robe
 m - a +0 cloak (worn)
 w - a +0 ring mail (worn)
 z - a +0 pair of boots (worn)
Jewellery
 E - a +6 ring of strength (left hand)
Wands
 D - a wand of random effects (17)
Scrolls
 e - 2 scrolls of enchant weapon {unknown}
 g - 2 scrolls of noise {unknown}
 h - a scroll of amnesia {unknown}
 i - a scroll of immolation {unknown}
 q - 5 scrolls of identify {unknown}
 r - 2 scrolls of remove curse {unknown}
 v - 2 scrolls of magic mapping {unknown}
Potions
 c - 2 potions of curing
 k - a potion of lignification
 o - 2 potions of might {unknown}
 s - 3 potions of heal wounds {unknown}
 t - a potion of berserk rage {unknown}
 u - a potion of resistance {unknown}
 x - a potion of invisibility {unknown}
 A - a potion of magic {unknown}
 B - a potion of degeneration {unknown}
 G - a potion of flight {unknown}
Comestibles
 f - 7 rations


   Skills:
 + Level 3.4 Fighting
 + Level 6.4 Staves
 + Level 2.1 Armour
 + Level 1.4 Dodging
 + Level 2.7 Stealth
   Level 1.2 Shields
 - Level 1.0 Unarmed Combat
 + Level 1.1 Evocations


You had 6 spell levels left.
You didn't know any spells.
Your spell library was empty.

Dungeon Overview and Level Annotations

Branches:
Dungeon (4/15)
 Temple: D:4-7

Altars:
Ashenzari
Cheibriados
Dithmenos
Nemelex Xobeh
Okawaru
Trog
Uskayaw

Annotations:
D:4 Grinder


Innate Abilities, Weirdness & Mutations

You cannot be hasted, slowed, berserked, paralysed or teleported.
You can dig through walls and to a lower floor.
Your four strong arms can wield two-handed weapons with a shield.
You have a pair of large antennae on your head. (SInv)


Message History

The orc priest begins to cast a cantrip, but forgets the words!
You closely miss the orc wizard.
The orc wizard hits you but does no damage.
The orc wizard casts a cantrip, but nothing happens.
The orc priest hits you but does no damage.
The orc wizard casts a spell at you. The puff of flame hits you.
* * * LOW HITPOINT WARNING * * *
You barely miss the orc wizard.
The orc wizard hits you but does no damage.
The orc wizard hits you with a +0 dagger.
* * * LOW HITPOINT WARNING * * *
The orc wizard mumbles some strange words.
The orc wizard seems to speed up.
The orc priest hits you but does no damage.
You thump the orc wizard!
You kill the orc wizard!
You have reached level 7!
The orc wizard hits you with a +0 dagger.
You die...

....... ##+## #.#
....... #...####'######
...... #...#.........#
......###...#.........#
#...##...#.........#
+...'............###
#...###.#.....##.##.
#...# #.#.###.......
#.o@# #.#.# #.###.#.
###)oo#.#.# #.# #...
{ooo.#.#.###.###...
.oo..+.............
......#.#####.###...
.......#.............
........#######.#.###.
.........# #.#.# #.
#.#.# #.


You could see 6 orc priests and 2 orc wizards.

Vanquished Creatures
  A big kobold (D:4)
  A hound (D:4)
  A bullfrog skeleton (D:4)
  A centaur skeleton (D:4)
  2 orc wizards (D:4)
  A hound skeleton (D:3)
  2 gnolls (D:2)
  4 adders
  2 oozes
  A worm (D:3)
  3 dart slugs
  2 leopard geckos
  8 orcs
  7 bats
  2 giant cockroaches
  3 goblins
  5 hobgoblins
  7 jackals (D:3)
  12 kobolds
  2 quokkas (D:4)
  2 ball pythons
  3 frilled lizards
  A quokka skeleton (D:4)
  8 rats
81 creatures vanquished.

Notes
Turn   | Place    | Note
-------+----------+-------------------------------------------
     0 | D:1      | CUS the Formicid Wanderer began the quest for the Orb.
     0 | D:1      | CUS set off with the following items: a +2 quarterstaff, a
                  | potion of lignification, a potion of curing, a +0 robe, a
                  | ration
     0 | D:1      | Reached XP level 1. HP: 16/16 MP: 1/1
    71 | D:1      | Reached XP level 2. HP: 21/22 MP: 2/2
   379 | D:1      | Found a shattered altar of Ashenzari.
   978 | D:2      | Reached XP level 3. HP: 27/28 MP: 3/3
  1153 | D:2      | HP: 1/28 [poisoned by an adder]
  1271 | D:2      | Found a hide-covered altar of Uskayaw.
  1287 | D:2      | HP: 1/28 [dart slug/slug dart (4)]
  1322 | D:2      | Became a worshipper of Uskayaw the Reveler
  1437 | D:2      | Reached * piety under Uskayaw
  1472 | D:2      | Found an iron altar of Okawaru.
  1486 | D:2      | Reached skill level 5 in Staves
  1489 | D:2      | Reached ** piety under Uskayaw
  1491 | D:2      | Reached XP level 4. HP: 19/34 MP: 4/4
  1496 | D:2      | Reached *** piety under Uskayaw
  1746 | D:3      | Reached XP level 5. HP: 22/40 MP: 5/5
  1750 | D:3      | Reached **** piety under Uskayaw
  1943 | D:3      | Found a shadowy altar of Dithmenos.
  1943 | D:3      | Found a bloodstained altar of Trog.
  2094 | D:3      | Reached skill level 1 in Dodging
  2097 | D:3      | Reached skill level 1 in Armour
  2121 | D:3      | Found a sparkling altar of Nemelex Xobeh.
  2207 | D:3      | Found a snail-covered altar of Cheibriados.
  2344 | D:4      | Noticed a big kobold
  2355 | D:4      | Killed a big kobold
  2355 | D:4      | Reached XP level 6. HP: 40/47 MP: 6/6
  2388 | D:4      | Reached skill level 6 in Staves
  2800 | D:4      | Noticed Grinder
  2805 | D:4      | HP: 2/47 [orc wizard/puff of flame (2)]
  2807 | D:4      | Reached XP level 7. HP: 1/52 MP: 7/7
  2807 | D:4      | Slain by an orc wizard

Levels and vault maps discovered:
D:1:      onia_arrival_mini_spirals, layout_loops_cross,
          nicolae_ashenzari_panopticon
D:2:      layout_loops_cross, old_standard_altar, minivault_27,
          okawaru_altar_gauntlet_db
D:3:      layout_basic, old_standard_altar, nemelex_altar_shiori,
          gammafunk_temple_overflow_wave
D:4:      layout_basic, first_ration, uniq_grinder

Skill      XL: |  1  2  3  4  5  6 |
---------------+-------------------+-----
Staves         | 5 6 |  6.4
Stealth        | 2 |  2.7
Fighting       | 3 |  3.4
Dodging        | 1 |  1.4
Armour         | 1 2 |  2.1
Shields        | |  1.2
Unarmed Combat | |  1.0
Evocations     | |  1.1

Action                   |  1- 3 |  4- 6 |  7- 9 || total
-------------------------+-------+-------+-------++-------
Melee: Quarterstaff      |    55 |   156 |       ||   211
       Punch             |       |     2 |       ||     2
Invok: Stomp             |       |     1 |       ||     1
 Stab: Sleeping          |     2 |     2 |       ||     4
       Paralysed         |       |     2 |       ||     2
  Eat: Chunk             |     2 |     4 |       ||     6
Armor: Robe              |     5 |       |       ||     5
       Ring mail         |    15 |    72 |       ||    87
Dodge: Dodged            |    46 |   120 |       ||   166

Table legend:
 A = Non-vault XP
 B = Vault XP
 C = Vault XP percentage of total XP
 D = Non-vault monster count
 E = Vault monster count
 F = Vault count percentage of total count
                 A         B        C        D         E       F
            +---------+---------+-------+---------+---------+-------
      Total |     506 |      35 |   6.5 |      75 |       6 |   7.4
            +---------+---------+-------+---------+---------+-------
        D:1 |      25 |       0 |   0.0 |      12 |       0 |   0.0
        D:2 |      49 |      35 |  41.7 |      14 |       6 |  30.0
        D:3 |     120 |       0 |   0.0 |      37 |       0 |   0.0
        D:4 |     312 |       0 |   0.0 |      12 |       0 |   0.0
            +---------+---------+-------+---------+---------+-------
